 Dungeon Crawl Stone Soup version 0.27-a0-419-g7a85846853 (webtiles) character file.

Game seed: 10689885829831802887

5868 Ijustatesigmund the Cleaver (level 10, -8/78 (80) HPs)
             Began as a Demonspawn Fighter on Feb 26, 2021.
             Mangled by a hornet (11 damage)
             ... while paralysed by a hornet
             ... on level 11 of the Dungeon.
             The game lasted 00:12:35 (9189 turns).

Ijustatesigmund the Cleaver (Demonspawn Fighter)    Turns: 9189, Time: 00:12:36

HP:   -8/78 (80)    AC: 10    Str: 16    XL:     10   Next: 52%
MP:   0/10          EV:  2    Int: 11    God:
Gold: 409           SH:  0    Dex: 21    Spells: 9/9 levels left

rFire    . . .     SeeInvis .   a - +4 war axe
rCold    . . .     Faith    .   c - +0 kite shield
rNeg     . . .     Spirit   +   b - +2 leather armour {Will+}
rPois    .         Reflect  .   (no helmet)
rElec    .         Harm     .   B - +0 cloak
rCorr    .         Rampage  .   p - +2 pair of gloves
Will     +....                  (no boots)
Stlth    ++........             l - amulet of guardian spirit
HPRegen  0.23/turn              s - +6 ring of dexterity
MPRegen  0.24/turn              (no ring)

@: paralysed, mighty, slowed, lightly drained
A: claws 1, spiny 1, magic regeneration, sturdy frame 2
a: no special abilities


You were on level 11 of the Dungeon.
You visited 1 branch of the dungeon, and saw 10 of its levels.

You collected 409 gold pieces.

Inventory:

Hand Weapons
 a - a +4 war axe (weapon)
 i - a +2 vampiric whip
Armour
 b - a +2 leather armour of willpower (worn)
 c - a +0 kite shield (worn)
 f - a +0 hat
 p - a +2 pair of gloves (worn)
 B - a +0 cloak (worn)
Jewellery
 l - an amulet of guardian spirit (around neck)
 s - a +6 ring of dexterity (left hand)
 t - a ring of ice
Wands
 o - a wand of iceblast (11)
 x - a wand of flame (43)
Scrolls
 m - 2 scrolls of magic mapping
 w - a scroll of immolation
Potions
 d - 2 potions of might
 e - 2 potions of curing
 g - a potion of lignification {unknown}
 j - a potion of invisibility
 k - 2 potions of brilliance
 n - 2 potions of flight {unknown}
 q - 2 potions of attraction {unknown}
 r - 2 potions of cancellation {unknown}
 u - a potion of magic {unknown}
 z - a potion of resistance {unknown}
 A - 2 potions of ambrosia {unknown}


   Skills:
 + Level 8.1 Fighting
 * Level 9.9 Axes
 + Level 5.6 Armour
 - Level 4.5 Dodging
 + Level 5.6 Shields


You had 9 spell levels left.
You didn't know any spells.
Your spell library was empty.

Dungeon Overview and Level Annotations

Branches:
Dungeon (9/15)             Temple (0/1) D:6
   Lair: D:8-11         Orc: D:9-12

Altars:
Ashenzari
Cheibriados
Dithmenos
Elyvilon
Kikubaaqudgha
Okawaru
Ru
Vehumet
Wu Jian
Yredelemnul
Zin

Annotations:
D:11 Grum, Harold


Innate Abilities, Weirdness & Mutations

You have sharp fingernails.
You are partially covered in sharp spines.
You regenerate magic rapidly.
Your movements are less encumbered by armour. (ER -4)


Message History

You feel better.
Your surroundings suddenly seem different.
Harold the Weathered comes into view.
He is wielding a +1 dire flail of holy wrath.
Harold shouts!
An orc warrior comes into view. It is wielding a +0 halberd.
The orc warrior shouts!
An orc comes into view. It is wielding a +0 club.
The orc shouts!
An orc comes into view. It is wielding a +0 short sword.
The orc shouts!
An orc comes into view. It is wielding a +0 dagger.
The orc shouts!
You hear a shout!
A green ugly thing comes into view.
Found a wand of flame (17) and a scroll of enchant weapon.
Found a stone staircase leading down.
As you read the scroll of teleportation, it crumbles to dust.
You feel strangely unstable. The orc is struck by your spines.
You kill the orc!
Your surroundings suddenly seem different.
The hornet buzzes angrily.
The adder hisses angrily.
The wolf howls!
The jackal barks!
You hear a howl!
You hear a bark!
The boulder beetle curls into a ball and begins rolling!
You block the hornet's attack. You block the wolf's attack.
Unknown command.
Okay, then.
You feel very mighty all of a sudden. The hornet is struck by your spines.
The hornet stings you.
* * * LOW HITPOINT WARNING * * *
You feel as though you will be slow longer.
You block the wolf's attack. The wolf barely misses you.
The hornet barely misses you. The wolf bites you!
* * * LOW HITPOINT WARNING * * *
You block the wolf's attack. Grum misses you. The hornet stings you!
* * * LOW HITPOINT WARNING * * *
You suddenly lose the ability to move!
The wolf is struck by your spines. The wolf barely misses you.
The wolf is struck by your spines. The wolf barely misses you.
The adder bites you but does no damage. The hornet stings you!
You die...

#. .. ##.
H.##..###########
................#
....#...........#
..#..hh.°.......#
.....ghh........#
######hy○.......#
#@hB.......#
#.S........#
############


You could see a boulder beetle, Grum, a hornet, 4 wolves, an adder and 2
jackals.

Vanquished Creatures
  Gastronok (D:8)
  A two-headed ogre (D:8)
  Joseph (D:8)
  A troll (D:7)
  2 ice beasts
  A hornet zombie (D:8)
  2 orc warriors (D:8)
  A black bear (D:8)
  2 sky beasts
  4 ogres
  3 wolves (D:8)
  2 phantoms
  5 bullfrogs
  A kobold brigand (D:9)
  2 scorpions
  7 wights
  5 hounds
  An orc priest (D:6)
  2 centaur skeletons
  Ijyb (D:3)
  2 iguanas
  4 orc wizards
  3 worker ants
  A worker ant zombie (D:6)
  Robin (D:3)
  10 gnolls
  10 adders
  3 white imps
  6 ufetubi
  An ooze (D:5)
  An adder skeleton (D:7)
  2 worms (D:2)
  3 dart slugs
  5 leopard geckos
  22 orcs
  5 giant cockroaches
  2 gnoll zombies (D:8)
  13 goblins
  12 hobgoblins
  3 jackals
  15 kobolds
  7 quokkas
  2 ball pythons
  11 bats
  2 frilled lizards
  A jackal skeleton (D:7)
  A leopard gecko skeleton (D:4)
  A quokka zombie (D:8)
  12 rats
206 creatures vanquished.

Vanquished Creatures (others)
  A human (D:7)
1 creature vanquished.

Grand Total: 207 creatures vanquished

Notes
Turn   | Place    | Note
-------+----------+-------------------------------------------
     0 | D:1      | Ijustatesigmund the Demonspawn Fighter began the quest for
                  | the Orb.
     0 | D:1      | Reached XP level 1. HP: 18/18 MP: 1/1
    55 | D:1      | Reached skill level 2 in Axes
   222 | D:1      | Gained mutation: You are partially covered in sharp spines.
                  | [demonic ancestry]
   222 | D:1      | Reached XP level 2. HP: 21/24 MP: 2/2
   729 | D:1      | Reached skill level 1 in Dodging
   729 | D:1      | Reached XP level 3. HP: 29/29 MP: 3/3
   998 | D:2      | Found a sacrificial altar of Ru.
  1207 | D:2      | Reached skill level 3 in Axes
  1261 | D:2      | Reached XP level 4. HP: 35/35 MP: 4/4
  1747 | D:2      | Found an iron altar of Okawaru.
  2022 | D:3      | Noticed a bullfrog
  2026 | D:3      | Killed a bullfrog
  2027 | D:3      | Gained mutation: Your movements are slightly less
                  | encumbered by armour. (ER -2) [demonic ancestry]
  2027 | D:3      | Reached XP level 5. HP: 34/42 MP: 5/5
  2125 | D:3      | Noticed Robin
  2131 | D:3      | Noticed a sky beast
  2138 | D:3      | Killed Robin
  2150 | D:3      | Killed a sky beast
  2151 | D:3      | Reached skill level 4 in Axes
  2151 | D:3      | Reached XP level 6. HP: 28/48 MP: 6/6
  2299 | D:3      | Found a faded altar of an unknown god.
  2555 | D:3      | Found a shadowy altar of Dithmenos.
  2581 | D:3      | Found a radiant altar of Vehumet.
  2582 | D:3      | Found a snail-covered altar of Cheibriados.
  2919 | D:3      | Found a broken altar of Ashenzari.
  3044 | D:3      | Noticed Ijyb
  3054 | D:3      | Killed Ijyb
  3941 | D:5      | Entered Level 5 of the Dungeon
  3992 | D:5      | Reached skill level 5 in Axes
  3992 | D:5      | Gained mutation: You regenerate magic rapidly. [demonic
                  | ancestry]
  3992 | D:5      | Reached XP level 7. HP: 55/55 MP: 7/7
  4060 | D:5      | Found a white marble altar of Elyvilon.
  4343 | D:5      | Reached skill level 5 in Fighting
  4960 | D:6      | Found a staircase to the Ecumenical Temple.
  5133 | D:6      | Reached skill level 6 in Axes
  5616 | D:6      | Gained mutation: You have sharp fingernails. [demonic
                  | ancestry]
  5616 | D:6      | Reached XP level 8. HP: 52/63 MP: 6/8
  6164 | D:7      | Reached skill level 7 in Axes
  6497 | D:7      | Found an ancient bone altar of Kikubaaqudgha.
  6549 | D:7      | Found an ornate altar of the Wu Jian Council.
  6643 | D:8      | Noticed a two-headed ogre
  6847 | D:8      | Noticed Gastronok
  6850 | D:8      | Killed a two-headed ogre
  6851 | D:8      | Reached skill level 8 in Axes
  6851 | D:8      | Reached XP level 9. HP: 41/71 MP: 4/9
  7139 | D:8      | Killed Gastronok
  7140 | D:8      | Reached skill level 9 in Axes
  7140 | D:8      | Gained mutation: Your movements are less encumbered by
                  | armour. (ER -4) [demonic ancestry]
  7140 | D:8      | Reached XP level 10. HP: 60/79 MP: 6/10
  7344 | D:8      | Noticed Joseph
  7368 | D:8      | Killed Joseph
  7369 | D:8      | Reached skill level 5 in Armour
  7369 | D:8      | Reached skill level 5 in Shields
  7515 | D:8      | Found a glowing silver altar of Zin.
  7935 | D:8      | Found a basalt altar of Yredelemnul.
  9167 | D:9      | You fall into a shaft and drop 2 floors!
  9176 | D:11     | Noticed a boulder beetle
  9176 | D:11     | Noticed Grum
  9178 | D:11     | Paralysed by a hornet for 3 turns
  9182 | D:11     | Noticed a manticore
  9183 | D:11     | Noticed Harold
  9183 | D:11     | Noticed a green ugly thing
  9188 | D:11     | HP: 3/78 [hornet (6)]
  9188 | D:11     | Paralysed by a hornet for 2 turns
  9189 | D:11     | Mangled by a hornet

Illustrated notes

Levels and vault maps discovered:
D:1:      dpeg_arrival_ratfight, layout_basic
D:2:      minmay_razor_zed, layout_basic, marbit_many_paths, old_standard_altar
D:3:      layout_basic, nicolae_overflow_hidden_temple,
          nicolae_dithmenos_shadow_blocks, gammafunk_temple_overflow_pools,
          chequers_ecumenical_altar_simple_redux, uniq_robin, uniq_ijyb
D:4:      layout_basic, minivault_11, chequers_serial_rivers_micro_d
D:5:      layout_cave_pods, elyvilon_altar_4
D:6:      layout_gridville, minmay_temple_entry_antechambers
D:7:      layout_rooms, nzn_wu_jian_contemplation, tgw_kikubaaqudgha
D:8:      layout_cave_pools, zin_academy, lemuel_zombie_altar_yredelemnul,
          chequers_avenue, uniq_joseph, uniq_gastronok
D:9:      layout_big_octagon, overflow_temple_1_default, erik_lair_island,
          serial_gnoll_camp, gnoll_camp_medium_02, gnoll_camp_huts_basic,
          gnoll_camp_medium_01, gnoll_camp_mini_house, gnoll_camp_mini_basic,
          gnoll_camp_mini_hut
D:11:     layout_rooms, uniq_harold, uniq_grum

Skill      XL: |  1  2  3  4  5  6  7  8  9 10 |
---------------+-------------------------------+-----
Axes           | 2 3 4 5 6 8 9 |  9.9
Dodging        | 1 2 3 4 |  4.5
Fighting       | 4 5 6 7 8 |  8.1
Armour         | 3 4 5 |  5.6
Shields        | 3 4 5 |  5.6

Action                   |  1- 3 |  4- 6 |  7- 9 | 10-12 || total
-------------------------+-------+-------+-------+-------++-------
Melee: War axe           |    59 |   130 |   196 |   133 ||   518
  Use: Scroll            |     5 |     7 |     1 |     3 ||    16
       Potion            |       |     1 |     3 |     6 ||    10
 Stab: Sleeping          |       |     3 |     1 |       ||     4
       Distracted        |       |       |     1 |       ||     1
Armor: Scale mail        |    19 |       |       |       ||    19
       Leather armour    |     5 |    48 |    48 |    43 ||   144
Dodge: Dodged            |    22 |    44 |    81 |   123 ||   270
Block: Kite shield       |    39 |    52 |    96 |   116 ||   303

Table legend: (Time is in decaauts)
 A = Elapsed time spent in this place.
 B = Non-inter-level travel time spent in this place.
 C = Inter-level travel time spent in this place.
 D = Time resting spent in this place.
 E = Time spent auto-exploring this place.
 F = Levels seen in this place.
 G = Mean time per level.
                   A        B        C        D        E       F      G
               +--------+--------+--------+--------+--------+-----+--------+
         Total |   9432 |   9218 |    214 |   1672 |   6162 |  10 |  943.2 |
       Dungeon |   9432 |   9218 |    214 |   1672 |   6162 |  10 |  943.2 |
               +--------+--------+--------+--------+--------+-----+--------+

Top non-repeatable levels by time:
     D:8: 1879 daAuts
     D:7: 1514 daAuts
     D:3: 1286 daAuts
     D:2: 1109 daAuts
     D:6: 1063 daAuts
     D:1: 963 daAuts
     D:5: 822 daAuts
     D:4: 690 daAuts
     D:9: 78 daAuts
    D:11: 26 daAuts
